 Dungeon Crawl Stone Soup version 0.31.0-11-ge490571c62 (webtiles) character file.

Game seed: 13523763287144336552

37 qw the Shooter (level 3, -1/20 HPs)
             Began as a Deep Elf Hunter on Feb 5, 2024.
             Slain by a goblin
             ... wielding a +0 dagger
             ... led by Robin
              (2 damage)
             ... on level 2 of the Dungeon.
             The game lasted 00:00:03 (863 turns).

qw the Shooter (Deep Elf Hunter)                     Turns: 863, Time: 00:00:03

Health: -1/20      AC:  7    Str: 10    XL:     3   Next: 21%
Magic:  0/5        EV: 11    Int: 13    God:
Gold:   124        SH:  0    Dex: 18    Spells: 2/2 levels left

rFire   . . .        a - +0 shortbow
rCold   . . .        (shield currently unavailable)
rNeg    . . .        i - +0 ring mail
rPois   .            j - +1 helmet
rElec   .            (no cloak)
rCorr   .            (no gloves)
SInv    .            (no boots)
Will    .....        f - amulet of guardian spirit
Stlth   +            (no ring)
HPRegen 0.23/turn    (no ring)
MPRegen 0.09/turn

%: guardian spirit
@: lethally poisoned (-1 -> -15)
A: no striking features
a: no special abilities


You were on level 2 of the Dungeon.
You visited 1 branch of the dungeon, and saw 2 of its levels.

You collected 124 gold pieces.


   Skills:
 - Level 1.5 Fighting
 + Level 6.8 Ranged Weapons
 - Level 2.4 Dodging
 - Level 1.2 Stealth


You had 2 spell levels left.
You didn't know any spells.
Your spell library was empty.

Inventory:

Hand Weapons
 a - a +0 shortbow (weapon)
Armour
 i - a +0 ring mail (worn)
 j - a +1 helmet (worn)
Jewellery
 f - an amulet of guardian spirit (around neck)
Scrolls
 b - a scroll of fog {unknown}
Potions
 g - a potion of curing

Dungeon Overview and Level Annotations

Branches:
Dungeon (2/15)

Altars:
Gozag

Annotations:
D:2 Robin


Message History

Robin roars a battlecry!
You shoot an arrow. The arrow barely misses the hobgoblin.
The hobgoblin hits you but does no damage.
Robin throws the goblin at you! The goblin hits you but does no damage.
You are poisoned.
The goblin hits you but does no damage.
The hobgoblin hits you but does no damage.
A goblin comes into view. It is wielding a +0 dagger.
The goblin barely misses you. The goblin hits you but does no damage.
You shoot an arrow. The arrow closely misses the goblin.
You feel very sick. The hobgoblin barely misses you.
The goblin barely misses you. x2
The goblin hits you but does no damage.
You shoot an arrow. The arrow hits the goblin.
The goblin is almost dead.
You feel sick.
A ribbon worm comes into view.
The goblin barely misses you. The goblin hits you with a +0 dagger.
The hobgoblin barely misses you.
You shoot an arrow. The arrow hits the goblin.
You kill the goblin!
You feel sick.
The hobgoblin no longer looks unusually strong.
The goblin hits you with a +0 dagger.
The hobgoblin hits you but does no damage.
Robin throws the goblin at you! The goblin hits you but does no damage.
You shoot an arrow. The arrow hits the hobgoblin.
You kill the hobgoblin!
You feel sick. The goblin completely misses you. The goblin barely misses you.
A hobgoblin comes into view.
The goblin barely misses you.
The goblin hits you with a +1 dagger of venom.
You are lethally poisoned!
The goblin barely misses you. Robin throws the goblin at you!
The goblin hits you but does no damage. The goblin closely misses you.
You shoot an arrow. The arrow completely misses the goblin.
The hobgoblin shouts!
You feel very sick. The goblin hits you with a +0 dagger.
You die...

#..._....#.#.#.#.%#.###......#
#........#.#.#.#..#.# #......#
#........#.#.#.#..#.# #......#
.#..##.#..#.#.#.#..#.#
........
.....................?.
........
............#.#.#.#..#.#
........
##.#..##.............#.#
......##.#.##.#g#g#.##
##.##.##........@)# #.
#.####....#g#g# #.####g#g#
.........)# #.#.####.#w# #.#.
#.... ...g. ....... .# ##.#.


You could see a ribbon worm, Robin, 2 hobgoblins and 4 goblins.

Vanquished Creatures
  A gnoll (D:1)
  A dart slug (D:1)
  A giant cockroach (D:1)
  4 goblins
  5 hobgoblins
  3 quokkas (D:1)
  2 ball pythons
  4 bats
  A frilled lizard (D:1)
  A rat (D:1)
23 creatures vanquished.

Notes
Turn   | Place    | Note
-------+----------+-------------------------------------------
     0 | D:1      | qw the Deep Elf Hunter began the quest for the Orb.
     0 | D:1      | Reached XP level 1. HP: 12/12 MP: 3/3
     0 | D:1      | 0 ||| qw: Version: 0.3-a-160-g6735b56
     0 | D:1      | 0 ||| qw: Game counter: 6177
     0 | D:1      | 0 ||| qw: Melee chars always use a shield: true
     0 | D:1      | 0 ||| qw: God list: Okawaru
     0 | D:1      | 0 ||| qw: Allow faded altars: false
     0 | D:1      | 0 ||| qw: Do Orc after clearing Dungeon:15 true
     0 | D:1      | 0 ||| qw: Do second Lair branch before Depths: true
     0 | D:1      | 0 ||| qw: Lair rune preference: random
     0 | D:1      | 0 ||| qw: Goals: Normal
     0 | D:1      | 0 ||| PLANNING D:1-11
   278 | D:1      | Reached XP level 2. HP: 16/16 MP: 4/4
   299 | D:1      | Reached skill level 6 in Ranged Weapons
   425 | D:1      | Reached XP level 3. HP: 20/20 MP: 5/5
   659 | D:1      | 659 ||| UPGRADING to +0 ring mail.
   669 | D:1      | 669 ||| DROPPING +0 leather armour.
   670 | D:1      | 670 ||| UPGRADING to +1 helmet.
   675 | D:1      | 675 ||| UPGRADING to amulet of guardian spirit.
   680 | D:1      | 680 ||| READING scroll labelled WOETZOWEUVAN.
   681 | D:1      | 681 ||| READING 2 scrolls labelled MOGIUTZA SAAWN.
   681 | D:1      | 681 ||| IDENTIFYING murky coppery potion
   682 | D:1      | 682 ||| READING scroll of identify.
   682 | D:1      | 682 ||| IDENTIFYING cyan potion
   683 | D:1      | 683 ||| READING 3 scrolls labelled XAUF NYMPO CIF.
   684 | D:1      | 684 ||| DROPPING scroll of butterflies.
   685 | D:1      | 685 ||| DROPPING 2 scrolls of poison.
   686 | D:1      | 686 ||| DROPPING potion of attraction.
   688 | D:1      | 688 ||| Stepping ~*~*~tactically~*~*~ (cloud).
   691 | D:1      | HP: 5/20 [poisoned by you (poison gas)]
   695 | D:1      | HP: 2/20 [poisoned by you (poison gas)]
   818 | D:2      | Found an opulent altar of Gozag.
   850 | D:2      | Noticed Robin
   851 | D:2      | 851 ||| FLEEEEING.
   852 | D:2      | 852 ||| FLEEEEING.
   862 | D:2      | HP: 5/20 [Robin/goblin (2)]
   863 | D:2      | HP: 1/20 [poisoned by a goblin]
   863 | D:2      | Slain by a goblin

Levels and vault maps discovered:
D:1:      sevenhm_arrival_forest_fort_small_6, layout_loops_ring, st_stairs_11,
          amcnicky_mini_rare_corridor_liquid, minmay_misc_feat_four_crosses
D:2:      kennysheep_big_flooded_room, layout_basic, basic_altar,
          ebering_ecumenical_altar_sacrificial, guppyfry_early_orc_mine,
          uniq_robin, uniq_sigmund

Skill      XL: |  1  2 |
---------------+-------+-----
Ranged Weapons | 6 |  6.8
Fighting       | |  1.5
Dodging        | |  2.4
Stealth        | |  1.2

Action                     || total
---------------------------++-------
   Fire: Shortbow          ||    63
    Use: Scroll            ||     4
 Armour: Leather armour    ||     3
         Ring mail         ||    17
  Dodge: Dodged            ||    24

Table legend:
 A = Non-vault XP
 B = Vault XP
 C = Vault XP percentage of total XP
 D = Non-vault monster count
 E = Vault monster count
 F = Vault count percentage of total count
                 A         B        C        D         E       F
            +---------+---------+-------+---------+---------+-------
      Total |      43 |      10 |  18.9 |      17 |       6 |  26.1
            +---------+---------+-------+---------+---------+-------
        D:1 |      38 |       3 |   7.3 |      14 |       2 |  12.5
        D:2 |       5 |       7 |  58.3 |       3 |       4 |  57.1
            +---------+---------+-------+---------+---------+-------
